Map: Blackburn LE

Players

Serral - Winner!

  • Race: Zerg Zerg

AqueroN

  • Race: Terran Terran

Event: DreamHack SC2 Masters 2021 Winter

VOD

Have the link to the VOD?

Description

Time

  • Played on: Oct. 2, 2021, 11:15 a.m.
  • Length: 7:39

All games in this series

Show
View Real Time Build Order
Export as new Build Order

Serral Zerg - Winner!

Build Orders: Pool First 

Get SALT Encoding   

  12  0:00  Drone  
  13  0:12  Overlord  
  13  0:17  Drone  
  14  0:31  Drone x2  
  16  0:36  Drone  
  17  0:45  Drone, Extractor  
  17  0:49  Spawning Pool  
  16  0:55  Drone  
  17  1:06  Drone  
  18  1:17  Hatchery  
  17  1:21  Drone  
  18  1:35  Queen  
  18  1:36  Zergling x2  
  21  1:41  Zergling x2  
  22  1:47  Metabolic Boost  
  22  1:53  Overlord  
  22  2:11  Queen  
  22  2:13  Zergling x2  
  22  2:14  Zergling x2  
  26  2:21  Zergling x2  
  27  2:29  Drone, Queen  
  30  2:35  Drone  
  31  2:44  Drone  
  31  2:45  Drone x3  
  31  2:51  Overlord  
  35  2:56  Drone  
  35  3:10  Drone x2  
  38  3:12  Drone  
  38  3:19  Drone x2  
  40  3:21  Drone  
  40  3:25  Drone, Hatchery  
  41  3:32  Overlord  
  41  3:33  Drone  
  42  3:42  Drone x2, Roach Warren  
  42  3:44  Drone  
  43  3:49  Queen  
  43  3:52  Overlord  
  43  3:55  Drone  
  46  3:56  Drone  
  46  3:58  Drone  
  46  4:00  Drone  
  49  4:05  Overlord  
  49  4:06  Drone  
  49  4:07  Drone  
  51  4:13  Drone x2  
  53  4:22  Drone x6  
  59  4:26  Extractor, Overlord  
  59  4:31  Overlord  
  58  4:35  Roach  
  58  4:36  Roach  
  58  4:38  Queen  
  64  4:42  Roach  
  68  4:45  Roach  
  68  4:50  Roach x2  
  72  4:53  Roach  
  72  4:56  Lair  
  72  4:57  Roach x2  
  78  5:05  Roach x2  
  82  5:10  Roach x2  
  86  5:15  Drone x3  
  89  5:22  Evolution Chamber, Extractor x2  
  89  5:23  Zergling x6, Evolution Chamber  
  89  5:26  Drone  
  89  5:28  Overlord  
  89  5:32  Overlord  
  89  5:34  Overlord  
  89  5:38  Overlord  
  89  5:47  Drone x8  
  97  5:54  Roach x2  
  97  5:56  Overseer  
  101  5:59  Zergling x2  
  101  6:01  Drone x2  
  101  6:04  Drone  
  105  6:05  Glial Reconstitution  
  105  6:06  Overlord  
  105  6:14  Extractor x2  
  105  6:18  Drone x2  
  105  6:19  Drone x2  
  105  6:21  Roach x4  
  115  6:26  Overlord  
  115  6:30  Overlord  
  115  6:33  Roach x2  
  115  6:34  Roach  
  115  6:38  Overlord  
  115  6:39  Overlord x2  
  121  6:42  Overlord  
  122  6:47  Ravager x3  
  122  6:49  Roach x3  
  130  6:54  Roach x2  
  130  6:55  Roach  
  130  6:58  Roach  
  130  6:59  Roach  
  140  7:04  Roach x3  
  144  7:10  Ravager  
  144  7:12  Roach x3  
  150  7:17  Ravager, Zergling x2, Roach  
  150  7:18  Zergling x6  
Show
View Real Time Build Order
Export as new Build Order

AqueroN Terran 

Build Orders: Reaper Expand 

Get SALT Encoding   

  12  0:00  SCV  
  13  0:12  SCV  
  14  0:16  Supply Depot  
  14  0:24  SCV  
  15  0:38  SCV  
  15  0:39  Barracks  
  16  0:44  Refinery  
  16  0:50  SCV  
  17  1:02  SCV  
  18  1:14  SCV  
  19  1:26  Orbital Command  
  19  1:27  Reaper  
  20  1:41  Command Center  
  20  1:55  SCV  
  20  1:57  Barracks  
  20  2:00  Barracks Reactor  
  21  2:07  SCV  
  22  2:12  Supply Depot  
  22  2:17  Refinery  
  22  2:19  SCV  
  23  2:27  Factory  
  23  2:33  SCV  
  23  2:36  Marine x2  
  26  2:45  Barracks Tech Lab, SCV  
  27  2:54  Marine x2  
  27  2:56  Orbital Command  
  27  2:57  SCV  
  30  3:03  Marine  
  31  3:05  Stimpack  
  31  3:10  SCV  
  32  3:13  Marine x2  
  34  3:22  SCV, Marine  
  34  3:27  Starport  
  35  3:30  Marine  
  35  3:32  Marine  
  36  3:34  Factory Reactor  
  36  3:39  SCV x2  
  36  3:40  Marine  
  39  3:48  Supply Depot  
  39  3:50  Marine x2  
  39  3:51  SCV x2  
  43  3:59  Supply Depot  
  43  4:02  Marine  
  44  4:03  SCV x2  
  46  4:13  Medivac x2  
  50  4:17  Supply Depot  
  50  4:18  SCV  
  50  4:19  SCV  
  50  4:20  Factory Tech Lab  
  50  4:21  Marine  
  50  4:22  Marine  
  54  4:25  Marine  
  54  4:30  SCV  
  56  4:31  Supply Depot, SCV  
  57  4:40  Supply Depot  
  57  4:41  Siege Tank  
  60  4:48  SCV x2  
  60  4:51  Supply Depot  
  60  4:52  Barracks  
  62  4:55  Marine x2  
  62  4:56  Marine  
  62  4:59  Combat Shield  
  65  5:00  SCV x2  
  65  5:05  Refinery  
  67  5:10  Medivac  
  67  5:12  SCV x2  
  67  5:13  Marine x2  
  73  5:24  Marine  
  73  5:27  Engineering Bay  
  73  5:28  Supply Depot  
  73  5:30  Supply Depot  
  73  5:31  Marine x2  
  73  5:32  Siege Tank  
  73  5:34  SCV  
  79  5:38  SCV  
  79  5:42  Marine x2  
  82  5:49  Liberator  
  85  5:58  Marine x3  
  85  6:00  Marine x2  
  85  6:03  Supply Depot  
  90  6:05  Siege Tank  
  93  6:16  Marine x3  
  93  6:18  Marine  
  97  6:23  Marine  
  98  6:33  Marine  
  98  6:34  Marine x2  
  98  6:35  Marine  
  98  6:37  Siege Tank  
  104  6:40  Marine  
  105  6:51  Marine  
  106  6:54  Marine x3  
  106  6:58  Supply Depot x2, Refinery  
  106  6:59  Command Center  
  104  7:09  Marine  
  104  7:11  Marine  
  104  7:12  Marine x2  
  109  7:29  Barracks  
  107  7:31  Barracks  

Tags
 
Add a new tag
Caveats
  • Supply blocks, unpowered buildings, or Contaminate may cause inaccurate times.
  • Supply counts are checked every 10 seconds.